 Dungeon Crawl Stone Soup version 0.30-b1-2-g02819fbbbe (webtiles) character file.

Game seed: 7905320971108987893

3122 graymark the Magician (level 10, -14/60 HPs)
             Began as a Djinni Fire Elementalist on May 25, 2023.
             Was a Follower of Makhleb.
             Shot with a bolt by an orc warrior (16 damage)
             ... on level 7 of the Dungeon.
             The game lasted 00:19:37 (6640 turns).

graymark the Magician (Djinni Fire Elementalist)    Turns: 6640, Time: 00:19:38

Health: -14/60     AC:  5    Str:  7    XL:     10   Next: 14%
Gold:   531        EV: 14    Int: 21    God:    Makhleb [*.....] SH:  0 Dex: 14

rFire   + + +        h - +2 dagger (speed)
rCold   x . .        (no shield)
rNeg    + . .        m - +2 leather armour of Surprise {+Blink rElec rN+}
rPois   ∞            (no helmet)
rElec   +            (no cloak)
rCorr   .            (no gloves)
SInv    .            (boots unavailable)
Will    +....        (no amulet)
Stlth   +++          u - ring of wizardry
HPRegen 0.30/turn    s - ring of protection from fire
MPRegen 0.00/turn

%: wizardry (x1), infuse magic (-15 HP)
@: flying
A: sickness immunity, fire resistance 2, cold vulnerability 1, float, innate
caster, HP casting, extra vitality 1
a: Renounce Religion, Evoke Blink


You were on level 7 of the Dungeon.
You worshipped Makhleb.
Makhleb was aware of your devotion.
You visited 2 branches of the dungeon, and saw 8 of its levels.

You collected 531 gold pieces.

Inventory:

Hand Weapons
 h - a +2 dagger of speed (weapon)
 q - a +0 sling
Missiles
 r - 34 stones
 x - a throwing net
Armour
 a - a +1 robe
 m - the +2 leather armour of Surprise (worn) {+Blink rElec rN+}
   (You found it on level 3 of the Dungeon)

   rElec:     It insulates you from electricity.
   rN:        It protects you from negative energy.
   +Blink:    It lets you blink.
 D - a +1 ring mail of willpower
Jewellery
 d - a ring of ice
 f - a ring of fire
 l - a ring of resist corrosion
 n - an amulet of reflection
 s - a ring of protection from fire (right hand)
 u - a ring of wizardry (left hand)
Wands
 v - a wand of light (8)
 B - a wand of flame (23)
Scrolls
 e - 4 scrolls of teleportation
 p - a scroll of immolation
 y - a scroll of fog
 A - a scroll of blinking
 C - a scroll of magic mapping {unknown}
Potions
 b - 3 potions of flight {unknown}
 c - 2 potions of might
 g - 3 potions of degeneration {unknown}
 i - a potion of invisibility {unknown}
 j - a potion of lignification {unknown}
 k - a potion of mutation {unknown}
 o - a potion of berserk rage {unknown}
 t - 3 potions of curing
 w - a potion of attraction {unknown}
 z - a potion of resistance {unknown}


   Skills:
 - Level 5.0 Armour
 + Level 7.4 Dodging
 - Level 5.0 Stealth
 * Level 7.6 Spellcasting


You knew the following spells:

 Your Spells              Type           Power      Damage    Failure   Level
a - Foxfire               Conj/Fire      100%       2x1d9     1%          1
b - Scorch                Fire           78%        2d8       1%          2
c - Volatile Blastmotes   Fire/Tloc      78%        2d16      1%          3
d - Inner Flame           Hex/Fire       39%        N/A       1%          3
e - Flame Wave            Conj/Fire      39%        2d11      1%          4
f - Necrotise             Necr           100%       1d9       1%          1
g - Blink                 Tloc           78%        N/A       1%          2
h - Passwall              Tmut/Erth      32%        N/A       1%          2
i - Animate Armour        Summ/Erth      78%        N/A       1%          4
Your spell library was empty.

Dungeon Overview and Level Annotations

Branches:
Dungeon (7/15)             Temple (1/1) D:5

Altars:
Ashenzari
Cheibriados
Dithmenos
Elyvilon
Fedhas
Gozag
Hepliaklqana
Makhleb
Nemelex Xobeh
Okawaru
Qazlal
Ru
Trog
Uskayaw
Wu Jian
Xom
Yredelemnul
Zin
The Shining One
Lugonu

Shops:
D:2 *

Annotations:
D:7 1 transporter


Innate Abilities, Weirdness & Mutations

You are immune to sickness and miasma.
You are immune to poison.
Your flesh is very heat resistant. (rF++)
You are vulnerable to cold. (rC-)
You float through the air rather than walking.
You learn spells naturally, not from books.
Your magical power is your life essence.
You have superior vitality. (+4 MHP)


Message History

The orc shouts! x2
You conjure some foxfire!
The foxfire hits the orc warrior but does no damage. x2
The orc warrior unwields a +0 war axe.
The orc warrior wields a +0 arbalest.
The orc warrior shoots a bolt.
The bolt hits you!
You conjure some foxfire!
The foxfire hits the orc warrior.
The orc warrior is lightly wounded.
The foxfire hits the orc.
The orc is moderately wounded.
You conjure some foxfire!
The foxfire hits the orc but does no damage.
The orc is moderately wounded.
The foxfire hits the orc.
The orc is lightly wounded.
The orc warrior shoots a bolt.
The bolt hits you.
You conjure some foxfire!
The foxfire hits the orc.
You kill the orc!
Makhleb accepts your kill.
The foxfire hits the orc!
You kill the orc!
Makhleb accepts your kill.
Unknown command.
The foxfire hits the orc warrior but does no damage.
The orc warrior is lightly wounded.
The foxfire hits the orc warrior but does no damage.
The orc warrior is lightly wounded.
The orc warrior shoots a bolt.
The bolt hits you!!
* * * LOW HITPOINT WARNING * * *
You feel better.
The orc warrior shoots a bolt.
The bolt closely misses you.
Casting: Foxfire (safe; 1% risk of failure)
Confirm with . or Enter, or press ? or * to list all spells.
Okay, then.
Casting: Foxfire (safe; 1% risk of failure)
Confirm with . or Enter, or press ? or * to list all spells.
The orc warrior shoots a bolt.
The bolt hits you.
* * * LOW HITPOINT WARNING * * *
The orc warrior shoots a bolt.
The bolt hits you!
* * * LOW HITPOINT WARNING * * *
The orc warrior shoots a bolt.
The bolt hits you!
You die...

.... .# ..... ...#
........ .....)
#.##.#
###+####.##.###+###
#..................
#.@................
#..........).......
#..................
.
##..####.##)##..###
..######..##
####)##..###
.......o...#
#.........
.....o.....#
#.........
....)..[...#
#.........
....)......#
#.....>...


You could see an orc warrior (ally target) and a friendly animated leather
armour (summoned).

Vanquished Creatures
  Pikel (D:4)
  Grinder (D:4)
  A vampire (D:5)
  A wyvern (D:7)
  Menkaure (D:4)
  2 water moccasins
  An orc warrior (D:6)
  A black bear (D:6)
  2 sky beasts
  An ice beast (D:6)
  An ogre (D:5)
  2 centaurs
  A lemure (D:4)
  A phantom (D:5)
  A bullfrog (D:6)
  3 scorpions
  4 hounds
  A jelly (D:5)
  An orc priest (D:4)
  2 gnoll boudas (D:6)
  A sleepcap (D:4)
  2 iguanas
  8 orc wizards
  14 gnolls
  6 adders
  A shadow imp (D:6)
  2 white imps
  2 ufetubi (D:5)
  A worm (D:3)
  4 dart slugs
  33 orcs
  7 ball pythons
  7 endoplasms
  4 giant cockroaches
  8 goblins
  11 hobgoblins
  7 jackals
  2 kobolds
  5 quokkas
  6 bats
  3 frilled lizards
  6 rats
169 creatures vanquished.

Vanquished Creatures (others)
  766 foxfires
766 creatures vanquished.

Grand Total: 935 creatures vanquished

Notes
Turn   | Place    | Note
-------+----------+-------------------------------------------
     0 | D:1      | graymark the Djinni Fire Elementalist began the quest for
                  | the Orb.
     0 | D:1      | graymark set off with the following spells memorised:
                  | Foxfire, Scorch, Volatile Blastmotes, Inner Flame, Flame
                  | Wave.
     0 | D:1      | Reached XP level 1. HP: 15/15 MP: 0/0
    65 | D:1      | Reached XP level 2. HP: 14/21 MP: 0/0
   283 | D:1      | Reached XP level 3. HP: 23/25 MP: 0/0
   283 | D:1      | Learned a level 1 spell: Necrotise
  1047 | D:2      | Reached XP level 4. HP: 25/31 MP: 0/0
  1330 | D:2      | Found Bibe's Assorted Antiques.
  1969 | D:3      | Identified the +2 leather armour of Surprise {+Blink rElec
                  | rN+}
  2000 | D:3      | Found a faded altar of an unknown god.
  2012 | D:3      | Reached XP level 5. HP: 32/35 MP: 0/0
  2012 | D:3      | Learned a level 2 spell: Blink
  2492 | D:3      | Found a bloodstained altar of Trog.
  2510 | D:3      | Found an iron altar of Okawaru.
  2839 | D:4      | Noticed Grinder
  2954 | D:4      | Killed Grinder
  2955 | D:4      | Reached skill level 1 in Armour
  2955 | D:4      | Reached XP level 6. HP: 33/40 MP: 0/0
  3109 | D:4      | Reached XP level 7. HP: 30/45 MP: 0/0
  3109 | D:4      | Learned a level 2 spell: Passwall
  3247 | D:4      | Identified the +4 short sword "Jex Kuoc" {elec, rF+++ Int-4
                  | Dex+3}
  3776 | D:4      | Noticed Pikel
  3809 | D:4      | Killed Pikel
  3810 | D:4      | Reached skill level 5 in Dodging
  3810 | D:4      | Reached skill level 5 in Spellcasting
  3810 | D:4      | Reached XP level 8. HP: 36/50 MP: 0/0
  4053 | D:4      | Noticed Menkaure
  4061 | D:4      | Killed Menkaure
  4174 | D:5      | Entered Level 5 of the Dungeon
  4379 | D:5      | Reached XP level 9. HP: 52/55 MP: 0/0
  4379 | D:5      | Learned a level 4 spell: Animate Armour
  4491 | D:5      | Found a shadowy altar of Dithmenos.
  4492 | D:5      | Found a blossoming altar of Fedhas.
  4583 | D:5      | Found a staircase to the Ecumenical Temple.
  4583 | D:5      | Identified the +3 leather armour "Vouwoaci" {rC- Regen+
                  | rCorr}
  4634 | Temple   | Entered the Ecumenical Temple
  4772 | Temple   | Became a worshipper of Makhleb the Destroyer
  5097 | D:6      | Reached skill level 5 in Stealth
  5475 | D:6      | Reached skill level 5 in Armour
  5655 | D:6      | Reached * piety under Makhleb
  6362 | D:7      | Noticed a red ugly thing
  6363 | D:7      | Found a transporter.
  6365 | D:7      | Found a corrupted altar of Lugonu.
  6367 | D:7      | Noticed a brown ugly thing
  6427 | D:7      | Reached XP level 10. HP: 58/60 MP: 0/0
  6639 | D:7      | HP: 2/60 [orc warrior/bolt (16)]
  6640 | D:7      | Shot with a bolt by an orc warrior

Illustrated notes

Levels and vault maps discovered:
D:1:      dpeg_arrival_boxorama, layout_basic
D:2:      layout_loops_ring, serial_shops, shop
D:3:      layout_basic, grunt_temple_overflow_bloody_war,
          ebering_ecumenical_altar_sacrificial, minmay_between
D:4:      layout_basic, uniq_menkaure, uniq_pikel, uniq_grinder
D:5:      layout_rooms, chequers_temple_overflow_statue_of_worship,
          minmay_temple_entry_waves, nicolae_elevator_lobby_plus
D:6:      layout_basic, corexii_leaking_fountain
D:7:      gammafunk_corrupted_shrine, layout_gridville
Temple:   minmay_temple_bridge_d

Skill      XL: |  1  2  3  4  5  6  7  8  9 |
---------------+----------------------------+-----
Stealth        | 2 3 4 5 |  5.0
Spellcasting   | 3 4 5 7 |  7.6
Dodging        | 3 4 5 7 |  7.4
Armour         | 1 2 3 4 5 |  5.0

Action                     |  1- 3 |  4- 6 |  7- 9 | 10-12 || total
---------------------------+-------+-------+-------+-------++-------
  Melee: Dagger            |       |     6 |     7 |     8 ||    21
   Cast: Foxfire           |    74 |   111 |   246 |    34 ||   465
         Necrotise         |     1 |     4 |       |       ||     5
         Scorch            |       |     5 |    19 |     1 ||    25
         Volatile Blastmot |       |     1 |     7 |       ||     8
         Blink             |       |     1 |       |       ||     1
         Passwall          |       |       |     3 |       ||     3
         Inner Flame       |       |       |     2 |       ||     2
         Animate Armour    |       |       |     1 |     1 ||     2
  Evoke: Wand              |       |       |     2 |       ||     2
    Use: Scroll            |     6 |     1 |     4 |       ||    11
         Potion            |       |       |       |     1 ||     1
   Stab: Sleeping          |       |     1 |       |       ||     1
 Armour: Robe              |     1 |     2 |       |       ||     3
         Leather armour    |       |     2 |    11 |       ||    13
  Dodge: Dodged            |     6 |    18 |    28 |     2 ||    54
